AoeStats
← BettyBlue33

Arabia

510083711Analyzed
1v1 RM · 4d ago on Sep 29, 2026· 32m 7s· 2 players
Game mode
Random Map
Map size
Tiny (2 player)
Population
200
Speed
Normal
Resources
Standard
Victory
Conquest
Starting age
Dark Age
Ending age
Imperial Age
RankedLock teamsTeams togetherTeam positionsShared explorationLock speedFull tech treeHidden civsTurbo modeCheats
Victory
Defeat
🇨🇳 Chinese · China
876
+16
🇺🇸 Byzantines · United States
874
-16
BettyBlue33
10:32 Feudal Age
10:52 Loom
14:03 Double-Bit Axe
14:00 Horse Collar
17:23 Fletching
19:05 Padded Archer Armor
20:30 Forging
21:51 Wheelbarrow
21:51 Scale Mail Armor
25:56 Castle Age
25:15 Scale Barding Armor
25:04 Gold Mining
25:07 Stone Mining
27:07 Chain Barding Armor
27:24 Iron Casting
27:01 Bow Saw
26:53 Heavy Plow
27:00 Pikeman
280897526
0:42 Loom
11:05 Feudal Age
11:34 Double-Bit Axe
11:34 Horse Collar
11:50 Gold Mining
15:17 Fletching
15:27 Padded Archer Armor
23:57 Castle Age
22:19 Stone Mining
24:44 Wheelbarrow
23:54 Town Watch
24:59 Thumb Ring
24:59 Heavy Plow
25:41 Bow Saw
25:46 Crossbowman
27:40 Gold Shaft Mining
28:01 Bodkin Arrow
29:07 Ballistics
29:28 Hand Cart
31:36 Stone Shaft Mining
32:43 Town Patrol
Connection lost

Rejoining the realm…

Still unreachable

The connection could not be restored.

Session expired

The server has moved on; the page needs a fresh start.